 Dungeon Crawl Stone Soup version 0.26-a0-707-g31817bcca1 (webtiles) character file.

Game seed: 3257887665942896400

44 P0NYSLAYSTATION the Skirmisher (level 3, 0/33 HPs)
             Began as a Hill Orc Monk on Oct 27, 2020.
             Slain by an adder (3 damage)
             ... on level 2 of the Dungeon.
             The game lasted 00:03:17 (687 turns).

P0NYSLAYSTATION the Skirmisher (Hill Orc Monk)       Turns: 687, Time: 00:03:17

Health: 0/33       AC:  2    Str: 14    XL:     3   Next: 62%
Magic:  3/3        EV: 13    Int: 10    God:
Gold:   0          SH:  0    Dex: 13    Spells: 2/2 levels left

rFire    . . .     SeeInvis .   a - +0 spear
rCold    . . .     Faith    .   (no shield)
rNeg     . . .     Spirit   .   b - +0 robe
rPois    .         Reflect  .   (no helmet)
rElec    .         Harm     .   (no cloak)
rCorr    .         Rampage  .   (no gloves)
MR       .....                  (no boots)
Stlth    ++........             (no amulet)
HPRegen  0.11/turn              (no ring)
MPRegen  0.08/turn              (no ring)

@: lethally poisoned (0 -> -4)
A: no striking features
a: no special abilities


You were on level 2 of the Dungeon.
You visited 1 branch of the dungeon, and saw 3 of its levels.

Inventory:

Hand Weapons
 a - a +0 spear (weapon)
Missiles
 c - 3 poisoned darts (quivered)
Armour
 b - a +0 robe (worn)
Jewellery
 d - an uncursed amulet of faith {unknown}
Scrolls
 f - a scroll of identify {unknown}


   Skills:
 + Level 4.1 Fighting
 + Level 3.9 Polearms
 + Level 2.8 Dodging
 + Level 2.0 Stealth


You had 2 spell levels left.
You didn't know any spells.
Your spell library was empty.

Dungeon Overview and Level Annotations

Branches:
Dungeon (3/15)

Altars:


Message History

You feel sick. The adder closely misses you.
You miss the adder.
The adder is heavily wounded.
The adder bites you.
* * * LOW HITPOINT WARNING * * *
You closely miss the adder.
The adder is heavily wounded.
* * * LOW HITPOINT WARNING * * *
You feel sick. The adder barely misses you. x2
You barely miss the adder.
The adder is heavily wounded.
The adder bites you but does no damage.
You hit the adder.
The adder is almost dead.
* * * LOW HITPOINT WARNING * * *
You feel sick. The adder closely misses you.
You miss the adder.
The adder is almost dead.
The adder bites you.
You die...

.... ...#### ... ##.
#.. #.. # #.# #.# .#
#†######## #.# .#
##........# #.# ..#
....# #.# #.####..##
###.#####.###.##.....#
#.##..^.......@)...#
#.##.##.###....S......
#.##.##.# ####>....###
#.......# #....?...
####.#### #.####.##
#.#### #.# # #....#
#.# S. ####.# ... .
#.## ##.


You could see an adder.

Vanquished Creatures
  Terence (D:2)
  An adder (D:2)
  3 goblins
  3 hobgoblins
  A ball python (D:1)
  A bat (D:2)
  4 frilled lizards
  A kobold (D:1)
15 creatures vanquished.

Notes
Turn   | Place    | Note
-------+----------+-------------------------------------------
     0 | D:1      | P0NYSLAYSTATION the Hill Orc Monk began the quest for the
                  | Orb.
     0 | D:1      | Reached XP level 1. HP: 19/19 MP: 1/1
   294 | D:2      | Reached XP level 2. HP: 27/27 MP: 2/2
   489 | D:2      | Noticed Terence
   515 | D:2      | Killed Terence
   515 | D:2      | Reached skill level 4 in Fighting
   515 | D:2      | Reached XP level 3. HP: 10/33 MP: 3/3
   687 | D:2      | Slain by an adder

Illustrated notes

Levels and vault maps discovered:
D:1:      mainiacjoe_arrival_reflecting_pool, layout_rooms, minmay_vboxes
D:2:      layout_loops_cross, uniq_terence, uniq_robin
D:3:      minmay_roachtagon, layout_basic, serial_bayou_ford_a, st_stairs_13,
          chequers_big_river

Skill      XL: |  1  2 |
---------------+-------+-----
Fighting       | 4 |  4.1
Stealth        | 2 |  2.0
Polearms       | |  3.9
Dodging        | |  2.8

Action                   || total
-------------------------++-------
Melee: Spear             ||    98
  Use: Potion            ||     1
 Stab: Sleeping          ||     4
Armor: Robe              ||     7
Dodge: Dodged            ||    46

Table legend: (Time is in decaauts)
 A = Elapsed time spent in this place.
 B = Non-inter-level travel time spent in this place.
 C = Inter-level travel time spent in this place.
 D = Time resting spent in this place.
 E = Time spent auto-exploring this place.
 F = Levels seen in this place.
 G = Mean time per level.
                   A        B        C        D        E       F      G
               +--------+--------+--------+--------+--------+-----+--------+
         Total |    680 |    673 |      7 |    210 |    211 |   3 |  226.7 |
       Dungeon |    680 |    673 |      7 |    210 |    211 |   3 |  226.7 |
               +--------+--------+--------+--------+--------+-----+--------+

Top non-repeatable levels by time:
     D:2: 395 daAuts
     D:1: 283 daAuts
     D:3: 1 daAuts
